Map: Bel'Shir Vestige LE

Players

Gemini

  • Race: Protoss Protoss
  • League: Master
  • Spawn Location: 5:00

A.I. 1 (Very Easy) - Winner!

  • Race: Zerg Zerg
  • Spawn Location: 11:00

VOD

Have the link to the VOD?

Description

Time

  • Played on: Jan. 21, 2017, 10:38 p.m.
  • Length: 9:20
Show
View Real Time Build Order
Export as new Build Order

Gemini Protoss 

Build Orders: 1 Gate Expand 

Get SALT Encoding   

  12  0:02  Probe (Chrono Boost)  
  13  0:13  Probe (Chrono Boost)  
  14  0:16  Pylon  
  14  0:23  Probe (Chrono Boost)  
  15  0:35  Probe (Chrono Boost)  
  16  0:36  Gateway  
  16  0:45  Probe (Chrono Boost)  
  16  0:47  Assimilator  
  17  0:56  Probe (Chrono Boost)  
  18  1:06  Probe (Chrono Boost)  
  19  1:19  Nexus  
  19  1:23  Probe (Chrono Boost)  
  20  1:32  Cybernetics Core  
  20  1:36  Probe (Chrono Boost)  
  21  1:43  Assimilator  
  22  1:47  Probe (Chrono Boost)  
  22  1:53  Pylon  
  21  1:57  Probe (Chrono Boost)  
  22  2:04  Warp Gate  
  22  2:08  Adept  
  23  2:09  Probe (Chrono Boost)  
  25  2:22  Twilight Council  
  25  2:25  Probe (Chrono Boost)  
  26  2:31  Probe (Chrono Boost), Adept  
  30  2:37  Probe (Chrono Boost)  
  30  2:43  Probe (Chrono Boost)  
  31  2:44  Resonating Glaives  
  31  2:49  Probe (Chrono Boost)  
  32  2:55  Probe (Chrono Boost)  
  33  3:02  Probe (Chrono Boost)  
  34  3:07  Gateway  
  34  3:08  Gateway  
  35  3:13  Probe (Chrono Boost)  
  35  3:14  Adept  
  37  3:24  Probe (Chrono Boost)  
  37  3:26  Probe (Chrono Boost)  
  39  3:36  Probe (Chrono Boost)  
  39  3:38  Probe (Chrono Boost), Adept, Pylon  
  45  3:48  Probe (Chrono Boost)  
  45  3:50  Probe (Chrono Boost)  
  45  3:54  Stargate  
  45  3:55  Stargate  
  45  4:02  Probe x2 (Chrono Boost)  
  47  4:12  Pylon  
  47  4:13  Adept x3  
  47  4:16  Probe (Chrono Boost)  
  54  4:18  Assimilator  
  54  4:20  Assimilator  
  54  4:27  Pylon  
  56  4:32  Probe x2 (Chrono Boost)  
  56  4:35  Phoenix x2  
  56  4:44  Probe x2 (Chrono Boost)  
  62  4:56  Probe x2 (Chrono Boost)  
  62  4:57  Phoenix  
  62  4:58  Phoenix  
  62  5:05  Nexus  
  66  5:08  Pylon  
  66  5:13  Probe (Chrono Boost)  
  69  5:16  Mothership Core (Chrono Boost)  
  69  5:23  Phoenix  
  69  5:25  Probe (Chrono Boost)  
  69  5:26  Phoenix  
  74  5:37  Probe x2 (Chrono Boost)  
  76  5:49  Probe x2 (Chrono Boost)  
  78  5:56  Pylon  
  78  5:58  Pylon  
  78  6:08  Pylon  
  78  6:10  Phoenix x2  
  78  6:12  Assimilator  
  78  6:13  Robotics Facility  
  78  6:14  Assimilator, Adept  
  78  6:15  Probe x2 (Chrono Boost)  
  78  6:16  Forge  
  86  6:18  Pylon  
  86  6:25  Probe (Chrono Boost)  
  87  6:28  Probe x2 (Chrono Boost)  
  87  6:32  Phoenix  
  89  6:33  Phoenix  
  89  6:37  Protoss Ground Weapons Level 1  
  93  6:41  Probe (Chrono Boost), Pylon  
  93  6:42  Probe x2 (Chrono Boost)  
  96  6:48  Templar Archives  
  96  6:49  Pylon  
  96  6:51  Probe (Chrono Boost)  
  96  6:54  Probe x2 (Chrono Boost)  
  99  6:56  Charge  
  99  7:03  Probe (Chrono Boost)  
  99  7:04  Observer  
  99  7:06  Probe x2 (Chrono Boost)  
  103  7:12  Zealot x3  
  109  7:17  Gateway, Psionic Storm  
  109  7:19  Gateway  
  109  7:24  Gateway  
  109  7:25  Probe (Chrono Boost)  
  109  7:26  Probe x2 (Chrono Boost)  
  112  7:34  Pylon  
  114  7:37  Probe (Chrono Boost)  
  114  7:38  Probe (Chrono Boost)  
  114  7:40  High Templar x2, Zealot  
  120  7:46  Warp Prism  
  120  7:48  Gateway  
  122  7:52  Gateway  
  122  7:53  Gateway  
  122  7:54  Pylon  
  122  8:10  High Templar  
  124  8:14  Zealot x2  
  128  8:20  Pylon  
  128  8:21  Pylon  
  128  8:22  Zealot x3  
  134  8:30  Immortal  
  138  8:38  High Templar x2  
  142  8:44  Zealot x5  
  152  9:03  Gateway  
  152  9:05  High Templar x3  
  152  9:06  Gateway, High Templar, Zealot x3  
  152  9:09  Archon  
  166  9:10  Archon  
  166  9:12  Nexus  
  166  9:14  Zealot, Pylon x2  
  166  9:15  Zealot  
Show
View Real Time Build Order
Export as new Build Order

A.I. 1 (Very Easy) Zerg - Winner!

Build Orders: Pool First 

Get SALT Encoding   

  12  0:00  Drone  
  13  0:12  Overlord  
  13  0:17  Drone  
  14  0:35  Spawning Pool  
  13  0:37  Drone  
  13  0:41  Extractor  
  13  0:44  Drone  
  14  0:51  Overlord  
  14  1:23  Zergling x2  
  14  1:24  Queen  
  17  1:27  Roach Warren  
  17  1:31  Drone  
  17  1:36  Extractor  
  16  1:40  Drone  
  17  1:49  Zergling x2  
  18  1:58  Drone  
  19  2:06  Drone  
  20  2:16  Drone, Zergling x2  
  22  2:27  Overlord  
  22  2:31  Drone  
  23  2:38  Drone  
  23  2:42  Roach  
  26  2:45  Drone  
  27  4:46  Zergling x2  
  23  5:13  Zergling x2  
  24  5:39  Zergling x2  
  25  6:08  Roach  
  27  6:35  Queen  
  27  6:36  Zergling x2  
  27  6:39  Overlord  
  23  7:05  Roach  
  25  7:08  Drone  
  25  7:09  Overlord  
  25  7:13  Lair  
  26  7:15  Drone  
  26  7:20  Hatchery  
  24  7:23  Drone  
  25  7:30  Drone  
  25  7:34  Zergling x2  
  27  7:37  Drone  
  26  7:44  Drone  
  27  8:02  Zergling x2  
  27  8:04  Drone  
  23  8:10  Queen  
  23  8:11  Drone  
  23  8:13  Overseer x2  
  23  8:18  Drone  
  24  8:26  Drone  
  25  8:31  Zergling x2  
  25  8:33  Drone  
  27  8:41  Drone  
  28  8:43  Extractor  
  28  8:48  Extractor, Drone  
  27  8:56  Drone  
  27  8:57  Overseer  
  27  9:00  Overlord, Zergling x2, Overseer  
  29  9:03  Drone  
Tags
 
Add a new tag
Caveats
  • Supply blocks, unpowered buildings, or Contaminate may cause inaccurate times.
  • Supply counts are checked every 10 seconds.